[ PARTIDA AOE2 · #464530982 ]
1v1 RMEslavos vs Mapuche
Equipo del jugador · DERR
Equipo rival · VICT
[ ANÁLISIS DE REPETICIÓN · EXTRAÍDO DE LA PARTIDA GRABADA ]
Feudal
9:25
Castillos
21:21
Imperial
—
| APM promedio | 46.2 |
| APM pico | 83 |
| eAPM promedio | 17.6 |
| Aldeanos / militares | 127 / 43 |
Foco
⚔️ 27.7% · 🌾 72.3%
Knight ×13 · Scout Cavalry ×7 · Monk ×6 · Boyar ×6 · Skirmisher ×5 · Militia ×4
Feudal
9:36
Castillos
19:04
Imperial
—
| APM promedio | 67.8 |
| APM pico | 132 |
| eAPM promedio | 29.4 |
| Aldeanos / militares | 139 / 64 |
Foco
⚔️ 16.6% · 🌾 83.4%
Kona ×31 · Bolas Rider ×21 · Archer ×4 · Spearman ×4 · Monk ×4 · Unknown (2550) ×2
Mapa de la partida
Recursos iniciales + cada clic de construcción. Líneas = muros · curvas = relieve. ◆ oro · ⬟ piedra · ● bayas · ✦ reliquia · ◌ hueco del cierre
Tu base· ✓ Cerrada en 21:21 · 58t muro · 1 puerta(s)
Base de 养鱼的小太阳· Abierta — el rival se encerró
Terreno inicial suavizado · ◌ = hueco del cierre detectado · pasá el cursor para detalles
Inputs por minuto
— Felix - - 养鱼的小太阳
Build order — Felix
Primeras 150 de 295 acciones detectadas
| 0:02 | Crear | Villager (Male) |
| 0:02 | Crear | Villager (Male) |
| 0:02 | Crear | Villager (Male) |
| 0:04 | Construir | House |
| 0:07 | Construir | House |
| 1:06 | Crear | Villager (Male) |
| 1:06 | Crear | Villager (Male) |
| 1:36 | Crear | Villager (Male) |
| 1:36 | Crear | Villager (Male) |
| 1:56 | Construir | Lumber Camp |
| 2:00 | Crear | Villager (Male) |
| 2:01 | Crear | Villager (Male) |
| 2:18 | Crear | Villager (Male) |
| 2:19 | Crear | Villager (Male) |
| 2:51 | Crear | Villager (Male) |
| 2:51 | Crear | Villager (Male) |
| 3:15 | Crear | Villager (Male) |
| 3:15 | Crear | Villager (Male) |
| 3:29 | Construir | House |
| 3:31 | Construir | House |
| 3:40 | Crear | Villager (Male) |
| 3:41 | Crear | Villager (Male) |
| 4:04 | Crear | Villager (Male) |
| 4:04 | Crear | Villager (Male) |
| 4:20 | Crear | Villager (Male) |
| 4:21 | Crear | Villager (Male) |
| 4:21 | Crear | Villager (Male) |
| 5:21 | Crear | Villager (Male) |
| 5:22 | Crear | Villager (Male) |
| 5:48 | Investigar | Loom |
| 6:24 | Construir | Barracks |
| 7:15 | Investigar | Feudal Age |
| 7:32 | Crear | Militia |
| 7:32 | Crear | Militia |
| 7:43 | Construir | Mill |
| 8:11 | Crear | Militia |
| 8:24 | Crear | Militia |
| 8:43 | Construir | Palisade Wall |
| 9:08 | Crear | Villager (Male) |
| 9:20 | Construir | Palisade Wall |
| 9:25 | Edad | Edad Feudal |
| 9:25 | Construir | House |
| 9:26 | Construir | Palisade Wall |
| 9:52 | Crear | Villager (Male) |
| 9:56 | Investigar | Double-Bit Axe |
| 10:09 | Construir | Farm |
| 10:24 | Construir | Palisade Wall |
| 10:29 | Construir | Palisade Wall |
| 10:46 | Crear | Villager (Male) |
| 10:46 | Crear | Villager (Male) |
| 10:50 | Construir | Farm |
| 11:09 | Crear | Villager (Male) |
| 11:15 | Investigar | Horse Collar |
| 11:22 | Construir | Palisade Wall |
| 11:36 | Crear | Villager (Male) |
| 11:42 | Construir | Farm |
| 11:45 | Construir | Farm |
| 11:56 | Crear | Villager (Male) |
| 12:01 | Construir | Farm |
| 12:03 | Construir | Farm |
| 12:08 | Construir | Farm |
| 12:23 | Construir | House |
| 12:24 | Crear | Villager (Male) |
| 12:29 | Construir | Farm |
| 12:31 | Crear | Villager (Male) |
| 12:31 | Crear | Villager (Male) |
| 12:44 | Investigar | Man-at-Arms (upgrade) |
| 13:01 | Construir | Farm |
| 13:05 | Construir | Farm |
| 13:08 | Crear | Villager (Male) |
| 13:12 | Construir | House |
| 13:19 | Construir | Farm |
| 13:36 | Crear | Villager (Male) |
| 14:10 | Construir | Blacksmith |
| 14:12 | Crear | Villager (Male) |
| 14:12 | Crear | Villager (Male) |
| 14:22 | Crear | Villager (Male) |
| 14:38 | Construir | Stable |
| 14:45 | Construir | Farm |
| 14:54 | Investigar | Forging |
| 15:01 | Crear | Villager (Male) |
| 15:18 | Construir | Farm |
| 15:22 | Crear | Scout Cavalry |
| 15:22 | Crear | Scout Cavalry |
| 15:30 | Crear | Villager (Male) |
| 15:36 | Construir | Mining Camp |
| 16:09 | Crear | Villager (Male) |
| 16:26 | Crear | Scout Cavalry |
| 16:34 | Crear | Villager (Male) |
| 16:45 | Construir | Archery Range |
| 16:56 | Construir | Farm |
| 16:57 | Construir | Farm |
| 17:18 | Crear | Villager (Male) |
| 17:18 | Crear | Villager (Male) |
| 17:50 | Construir | Palisade Gate |
| 17:59 | Crear | Villager (Male) |
| 18:10 | Construir | Lumber Camp |
| 18:41 | Investigar | Castle Age |
| 19:58 | Crear | Skirmisher |
| 19:59 | Crear | Skirmisher |
| 20:50 | Construir | Lumber Camp |
| 21:21 | Edad | Edad de los Castillos |
| 21:26 | Construir | Town Center |
| 21:27 | Investigar | Bow Saw |
| 21:30 | Investigar | Heavy Plow |
| 21:32 | Crear | Villager (Male) |
| 21:40 | Investigar | Stone Mining |
| 21:46 | Investigar | Gold Mining |
| 21:47 | Investigar | Stone Mining |
| 21:53 | Crear | Villager (Male) |
| 21:55 | Crear | Knight |
| 21:55 | Crear | Knight |
| 22:04 | Crear | Villager (Male) |
| 22:40 | Investigar | Light Cavalry (upgrade) |
| 22:49 | Investigar | Elite Skirmisher (upgrade) |
| 22:53 | Crear | Villager (Male) |
| 22:53 | Crear | Villager (Male) |
| 22:53 | Crear | Villager (Male) |
| 23:01 | Crear | Villager (Male) |
| 23:02 | Crear | Villager (Male) |
| 23:14 | Crear | Scout Cavalry |
| 23:17 | Crear | Villager (Male) |
| 23:23 | Construir | Farm |
| 23:30 | Construir | Farm |
| 23:39 | Investigar | Husbandry |
| 23:49 | Construir | Monastery |
| 23:54 | Construir | Siege Workshop |
| 23:57 | Crear | Scout Cavalry |
| 24:01 | Crear | Villager (Male) |
| 24:02 | Crear | Villager (Male) |
| 24:12 | Construir | Farm |
| 24:33 | Construir | Town Center |
| 24:46 | Crear | Monk |
| 24:50 | Construir | Farm |
| 24:51 | Crear | Villager (Male) |
| 24:52 | Crear | Villager (Male) |
| 24:52 | Crear | Villager (Male) |
| 24:52 | Crear | Villager (Male) |
| 25:09 | Crear | Skirmisher |
| 25:09 | Crear | Skirmisher |
| 25:15 | Crear | Villager (Male) |
| 25:15 | Crear | Villager (Male) |
| 25:20 | Construir | Outpost |
| 25:24 | Construir | Farm |
| 25:31 | Construir | House |
| 25:33 | Construir | House |
| 25:47 | Crear | Monk |
| 25:50 | Crear | Villager (Male) |
| 25:52 | Crear | Villager (Male) |
| 25:52 | Crear | Villager (Male) |
Build order — 养鱼的小太阳
Primeras 150 de 327 acciones detectadas
| 0:02 | Construir | House |
| 0:04 | Construir | House |
| 0:14 | Crear | Villager (Male) |
| 0:15 | Crear | Villager (Male) |
| 0:15 | Crear | Villager (Male) |
| 0:15 | Crear | Villager (Male) |
| 0:34 | Construir | Settlement |
| 1:45 | Crear | Villager (Male) |
| 1:45 | Crear | Villager (Male) |
| 2:10 | Crear | Villager (Male) |
| 2:10 | Crear | Villager (Male) |
| 2:36 | Crear | Villager (Male) |
| 2:51 | Crear | Villager (Male) |
| 3:22 | Crear | Villager (Male) |
| 3:25 | Crear | Villager (Male) |
| 3:25 | Crear | Villager (Male) |
| 4:02 | Crear | Villager (Male) |
| 4:02 | Crear | Villager (Male) |
| 4:26 | Crear | Villager (Male) |
| 4:26 | Crear | Villager (Male) |
| 4:29 | Crear | Villager (Male) |
| 4:29 | Crear | Villager (Male) |
| 5:09 | Crear | Villager (Male) |
| 5:57 | Crear | Villager (Male) |
| 6:07 | Construir | Farm |
| 6:11 | Crear | Villager (Male) |
| 6:18 | Construir | House |
| 6:34 | Construir | Farm |
| 6:38 | Crear | Villager (Male) |
| 6:59 | Investigar | Loom |
| 7:19 | Construir | Settlement |
| 7:26 | Investigar | Feudal Age |
| 7:35 | Crear | Villager (Male) |
| 9:34 | Construir | Barracks |
| 9:36 | Edad | Edad Feudal |
| 9:40 | Crear | Villager (Male) |
| 9:52 | Investigar | Double-Bit Axe |
| 10:21 | Construir | Palisade Gate |
| 10:27 | Crear | Villager (Male) |
| 10:28 | Crear | Villager (Male) |
| 10:55 | Crear | Villager (Male) |
| 11:10 | Construir | Palisade Wall |
| 11:20 | Construir | Palisade Gate |
| 11:23 | Crear | Villager (Male) |
| 11:39 | Construir | Archery Range |
| 11:45 | Construir | Archery Range |
| 11:49 | Crear | Villager (Male) |
| 12:09 | Crear | Villager (Male) |
| 12:28 | Crear | Archer |
| 12:29 | Crear | Archer |
| 12:35 | Construir | Settlement |
| 12:38 | Crear | Villager (Male) |
| 13:03 | Crear | Villager (Male) |
| 13:15 | Construir | Farm |
| 13:17 | Construir | Farm |
| 13:19 | Construir | Farm |
| 13:26 | Construir | Farm |
| 13:38 | Crear | Villager (Male) |
| 13:52 | Crear | Villager (Male) |
| 13:54 | Crear | Spearman |
| 14:06 | Crear | Archer |
| 14:24 | Construir | Farm |
| 14:26 | Crear | Villager (Male) |
| 14:33 | Construir | Market |
| 14:43 | Crear | Villager (Male) |
| 14:47 | Construir | Farm |
| 14:49 | Construir | Farm |
| 15:06 | Investigar | Wheelbarrow |
| 15:09 | Investigar | Horse Collar |
| 15:43 | Construir | Palisade Wall |
| 15:44 | Crear | Villager (Male) |
| 16:06 | Construir | Farm |
| 16:06 | Construir | Farm |
| 16:24 | Investigar | Castle Age |
| 16:41 | Construir | Settlement |
| 16:59 | Investigar | Stone Mining |
| 17:26 | Crear | Spearman |
| 17:34 | Crear | Archer |
| 17:44 | Investigar | Gold Mining |
| 17:54 | Crear | Spearman |
| 18:40 | Construir | House |
| 18:59 | Crear | Villager (Male) |
| 19:04 | Edad | Edad de los Castillos |
| 19:06 | Crear | Spearman |
| 19:21 | Crear | Villager (Male) |
| 19:28 | Construir | Town Center |
| 20:04 | Crear | Villager (Male) |
| 20:04 | Crear | Villager (Male) |
| 20:21 | Crear | Villager (Male) |
| 20:28 | Construir | Farm |
| 20:37 | Construir | Farm |
| 20:40 | Investigar | Bow Saw |
| 20:59 | Crear | Villager (Male) |
| 21:02 | Construir | Farm |
| 21:03 | Crear | Villager (Male) |
| 21:04 | Crear | Villager (Male) |
| 21:13 | Construir | Monastery |
| 21:15 | Crear | Villager (Male) |
| 21:32 | Construir | Farm |
| 21:34 | Construir | Farm |
| 21:39 | Construir | Farm |
| 21:43 | Construir | Farm |
| 21:45 | Crear | Villager (Male) |
| 21:47 | Crear | Villager (Male) |
| 22:01 | Crear | Unit 2550 |
| 22:03 | Construir | Farm |
| 22:04 | Construir | Farm |
| 22:15 | Crear | Villager (Male) |
| 22:21 | Construir | Farm |
| 22:34 | Construir | Castle |
| 22:42 | Crear | Monk |
| 22:45 | Crear | Villager (Male) |
| 22:47 | Crear | Villager (Male) |
| 22:54 | Construir | House |
| 23:01 | Crear | Villager (Male) |
| 23:02 | Crear | Villager (Male) |
| 23:09 | Construir | Outpost |
| 23:22 | Construir | Farm |
| 23:25 | Investigar | Heavy Plow |
| 23:42 | Construir | Outpost |
| 23:46 | Investigar | Town Watch |
| 23:50 | Construir | Farm |
| 23:53 | Construir | Farm |
| 23:54 | Construir | Farm |
| 24:15 | Construir | Palisade Wall |
| 24:17 | Crear | Kona |
| 24:17 | Crear | Kona |
| 24:26 | Construir | Farm |
| 24:26 | Crear | Villager (Male) |
| 24:45 | Crear | Kona |
| 24:46 | Crear | Kona |
| 24:46 | Crear | Kona |
| 24:57 | Crear | Kona |
| 25:32 | Construir | Archery Range |
| 25:33 | Crear | Villager (Male) |
| 25:33 | Crear | Villager (Male) |
| 25:34 | Crear | Villager (Male) |
| 25:34 | Crear | Villager (Male) |
| 25:34 | Crear | Villager (Male) |
| 25:34 | Crear | Villager (Male) |
| 25:37 | Construir | House |
| 25:54 | Construir | Town Center |
| 26:01 | Crear | Kona |
| 26:02 | Crear | Kona |
| 26:02 | Crear | Kona |
| 26:02 | Crear | Kona |
| 26:08 | Construir | Farm |
| 26:19 | Construir | Blacksmith |
| 26:24 | Crear | Kona |
| 26:24 | Crear | Kona |
Cronología de la partida
| 6:24 | Felix · first_building Barracks |
| 8:43 | Felix · wall_segment Palisade Wall x16 |
| 9:20 | Felix · wall_segment Palisade Wall x19 |
| 9:25 | Felix · age_up feudal |
| 9:26 | Felix · wall_segment Palisade Wall x1 |
| 9:34 | 养鱼的小太阳 · first_building Barracks |
| 9:36 | 养鱼的小太阳 · age_up feudal |
| 10:24 | Felix · wall_segment Palisade Wall x4 |
| 10:29 | Felix · wall_segment Palisade Wall x6 |
| 11:10 | 养鱼的小太阳 · wall_segment Palisade Wall x1 |
| 11:22 | Felix · wall_segment Palisade Wall x12 |
| 11:39 | 养鱼的小太阳 · first_building Archery Range |
| 14:38 | Felix · first_building Stable |
| 15:43 | 养鱼的小太阳 · wall_segment Palisade Wall x7 |
| 16:24 | 养鱼的小太阳 · first_market_sell 100 wood |
| 16:45 | Felix · first_building Archery Range |
| 19:04 | 养鱼的小太阳 · age_up castle |
| 21:13 | 养鱼的小太阳 · first_building Monastery |
| 21:21 | Felix · age_up castle |
| 22:34 | 养鱼的小太阳 · first_building Castle |
| 23:49 | Felix · first_building Monastery |
| 23:54 | Felix · first_building Siege Workshop |
| 24:15 | 养鱼的小太阳 · wall_segment Palisade Wall x9 |
| 28:47 | Felix · first_building Castle |
| 33:12 | 养鱼的小太阳 · first_market_buy 100 food |
| 34:30 | Felix · wall_segment Palisade Wall x1 |
| 36:45 | Felix · resign |
[ ANÁLISIS IA · 1 CRÉDITO ]
¿Qué pasó realmente en esta partida?
Wolo.gg analiza cada decisión: build order, eco, micro, errores típicos por bracket. Análisis personalizado por WhatsApp o Discord en 30 segundos.
Guía civ
Eslavos
Guía mapa
Arabia
Perfil
Jugador #16825833